 Dungeon Crawl Stone Soup version 0.31-a0-1300-gb6740aa4e6 (webtiles) character file.

Game seed: 2552687834898205866

352 avis the Ducker (level 6, 30/30 HPs)
             Began as a Felid Shapeshifter on Dec 19, 2023.
             Was an Initiate of Gozag.
             Got out of the dungeon alive.
             The game lasted 00:19:06 (4434 turns).

avis the Ducker (Felid Shapeshifter)                Turns: 4434, Time: 00:19:07

Health: 30/30      AC:  2    Str: 10    XL:     6   Next: 34%
Magic:  7/7        EV: 20    Int: 13    God:    Gozag
Gold:   307        SH:  0    Dex: 18    Spells: 5/5 levels left
                                        Lives:  0   Deaths: 2

rFire   . .          .
                       - Unarmed
rCold   . . .        (shield unavailable)
rNeg    . . .        (body armour unavailable)
rPois   .            (helmet unavailable)
rElec   .            (cloak unavailable)
rCorr   .            (gloves unavailable)
SInv    +            (boots unavailable)
Will    .....        p - amulet of magic regeneration
Stlth   ++           (no ring)
HPRegen 0.25/turn    (no ring)
MPRegen 0.50/turn

%: no passive effects
@: beast-form
A: beast (slay +2), very small, claws 1, fangs 3, see invisible, shaggy fur 2,
stealthy paws, no weapons or thrown items, no armour, multi-lived
a: Begin Untransformation, Renounce Religion, Potion Petition, Call Merchant,
Bribe Branch


You escaped.
You worshipped Gozag.
Gozag was aware of your devotion.
You were a hulking beast.
You visited 2 branches of the dungeon, and saw 6 of its levels.

You collected 353 gold pieces.
You paid 46 gold pieces to Gozag.

Inventory:

Jewellery
 p - an amulet of magic regeneration (around neck)
Talismans
 b - a beast talisman
 f - a flux talisman
Wands
 c - a wand of acid (4)
Scrolls
 d - a scroll of enchant armour {unknown}
 g - 2 scrolls of poison {unknown}
 h - 2 scrolls of immolation {unknown}
 j - a scroll of enchant weapon {unknown}
 k - a scroll of blinking {unknown}
 m - a scroll of fear {unknown}
 q - 3 scrolls of amnesia {unknown}
 s - a scroll of revelation {unknown}
 t - a scroll of teleportation {unknown}
Potions
 a - 2 potions of lignification
 e - 2 potions of curing
 i - 2 potions of magic
 l - a potion of brilliance
 n - a potion of might
 o - a potion of mutation {unknown}
 r - a potion of berserk rage {unknown}


   Skills:
 - Level 2.0 Fighting
 - Level 6.0 Dodging
 - Level 3.0 Unarmed Combat
 * Level 4.8 Shapeshifting


You had 5 spell levels left.
You didn't know any spells.
Your spell library was empty.

Dungeon Overview and Level Annotations

Branches:
Dungeon (5/15)             Temple (1/1) D:4

Altars:
Ashenzari
Fedhas
Gozag
Hepliaklqana
Nemelex Xobeh
Okawaru
Qazlal
Ru
Sif Muna
Trog
Xom
Yredelemnul
Zin

Shops:
D:4 [


Innate Abilities, Weirdness & Mutations

You are a hulking beast.
Your limbs bulge with bestial killing power. (Slay +2)
You have sharp claws.
You have razor-sharp teeth.
You have supernaturally acute eyesight. (SInv)
You are covered in thick fur. (AC +2)
Your paws help you pounce on unaware monsters.
You are incapable of wielding weapons or throwing items.
You cannot wear armour.
You gain extra lives every three experience levels.


Message History

You scratch the orc priest.
The orc priest is almost dead.
The orc priest invokes the aid of Beogh against you.
You resist with significant effort.
You scratch the orc priest but do no damage.
The orc priest is almost dead.
The orc priest calls down the wrath of Beogh upon you.
Pain shoots through your body!
You claw the orc priest!
You kill the orc priest!
You claw the gnoll!
The gnoll is heavily wounded.
The gnoll hits you with a +0 flail!
* * * LOW HITPOINT WARNING * * *
You scratch the gnoll but do no damage. Your bite misses the gnoll.
The gnoll is heavily wounded.
The gnoll hits you with a +0 flail.
You die...
Your shape twists and changes as you die.
You rejoin the land of the living...
Found a stone staircase leading down.
Found a stone staircase leading down.
There is a stone staircase leading up here.
You climb upwards.
There is a stone staircase leading down here.
What level of the Dungeon? (default 5, ? - help)
There is a stone staircase leading up here.
You climb upwards.
There is a stone staircase leading down here.
There is a stone staircase leading up here.
You climb upwards.
There is a stone staircase leading down here.
There is a stone staircase leading up here.
You climb upwards.
There is a stone staircase leading down here.
You see here a +0 dagger.
You see here a +0 dagger.
There is an abandoned shop here.
There is a staircase leading out of the dungeon here.
You have escaped!

#.# #.###.....#.# #.#..... #.#
#.#.....###.# #.#..... #.#
#.)...#.....# #.#.....
####.#########..#.#######.######
#...............#.........#
################################
#.∩##∩∩###.##∩
#####.............
#h................
##................ ###
##............... ##>###
###.............
#....########∩∩∩#.......
##..#.......#######.#∩...
######...#######..## ###..∩...
#......#.# #.......# #........
##.######.# #.......# ###.##...


There were no monsters in sight!

Vanquished Creatures
  A scorpion (D:4)
  A hound (D:4)
  An orc priest (D:5)
  A sleepcap (D:4)
  An iguana (D:4)
  8 adders
  A gnoll (D:4)
  4 dart slugs
  8 orcs
  7 endoplasms
  4 goblins
  12 hobgoblins
  2 jackals (D:4)
  4 quokkas
  9 ball pythons
  7 bats
  3 frilled lizards
  11 kobolds
  7 rats
92 creatures vanquished.

Notes
Turn   | Place    | Note
-------+----------+-------------------------------------------
     0 | D:1      | avis the Felid Shapeshifter began the quest for the Orb.
     0 | D:1      | Reached XP level 1. HP: 10/10 MP: 2/2
   214 | D:1      | Reached XP level 2. HP: 14/14 MP: 3/3
  1095 | D:2      | Reached XP level 3. HP: 16/18 MP: 4/4
  1420 | D:2      | Reached skill level 3 in Dodging
  2014 | D:3      | Reached XP level 4. HP: 23/23 MP: 5/5
  2109 | D:3      | Reached skill level 4 in Dodging
  2518 | D:3      | Reached skill level 5 in Dodging
  2594 | D:3      | Found an opulent altar of Gozag.
  2610 | D:3      | Became a worshipper of Gozag Ym Sagoz the Greedy
  2911 | D:4      | Found Xol Evid's Antique Armour Shop.
  3034 | D:4      | Slain by a sleepcap
  3083 | D:4      | Reached XP level 5. HP: 16/26 MP: 6/6
  3230 | D:4      | Found a stormy altar of Qazlal.
  3481 | D:4      | Reached skill level 6 in Dodging
  3660 | D:4      | Found a staircase to the Ecumenical Temple.
  3706 | Temple   | Entered the Ecumenical Temple
  3912 | D:4      | Gained mutation: You are covered in thick fur. (AC +2)
                  | [Felid growth]
  3912 | D:4      | Reached XP level 6. HP: 29/30 MP: 7/7
  4210 | D:5      | Entered Level 5 of the Dungeon
  4216 | D:5      | Noticed a water moccasin
  4299 | D:5      | Slain by a gnoll
  4434 | D:$      | Got out of the dungeon alive.

Illustrated notes

Levels and vault maps discovered:
D:1:      amcnicky_arrival_abandoned_market, layout_basic, minmay_bisected
D:2:      layout_loops_ring, lexackson_kobold_supper
D:3:      layout_loops_ring, nicolae_gozag_cash_rules_everything_around_me
D:4:      nicolae_cairo_tiling_large, layout_cave_pods,
          nicolae_qazlal_scattered_showers, temple_doors_e, serial_shops,
          nicolae_shop_dealshenge, minmay_pentangle
D:5:      layout_loops_ring, gammafunk_ghost_smash
Temple:   jpeg_temple_clearing

Skill      XL: |  1  2  3  4  5 |
---------------+----------------+-----
Shapeshifting  | 3 4 |  4.8
Fighting       | 2 |  2.0
Dodging        | 3 5 6 |  6.0
Unarmed Combat | |  3.0

Action                     |  1- 3 |  4- 6 || total
---------------------------+-------+-------++-------
  Melee: Unarmed           |   196 |   128 ||   324
         Bite              |    27 |    12 ||    39
         Punch             |     5 |     5 ||    10
    Use: Scroll            |       |     4 ||     4
   Stab: Sleeping          |     2 |     5 ||     7
 Armour: Skin              |    29 |    30 ||    59
  Dodge: Dodged            |    74 |    84 ||   158

Table legend: (Time is in decaauts)
 A = Elapsed time spent in this place.
 B = Non-inter-level travel time spent in this place.
 C = Inter-level travel time spent in this place.
 D = Time resting spent in this place.
 E = Time spent auto-exploring this place.
 F = Levels seen in this place.
 G = Mean time per level.
                   A        B        C        D        E       F      G
               +--------+--------+--------+--------+--------+-----+--------+
         Total |   4423 |   3845 |    578 |    365 |   2380 |   6 |  737.2 |
       Dungeon |   4421 |   3843 |    578 |    365 |   2380 |   5 |  884.2 |
        Temple |      1 |      1 |      0 |      0 |      0 |   1 |    1.0 |
               +--------+--------+--------+--------+--------+-----+--------+

Top non-repeatable levels by time:
     D:4: 1259 daAuts
     D:1: 1234 daAuts
     D:2: 940 daAuts
     D:3: 915 daAuts
     D:5: 70 daAuts
  Temple: 1 daAuts
